 Dungeon Crawl Stone Soup version 0.23.2-1-ga50397a (webtiles) character file.

Game seed: 15679726019095848639

5 kaladindcss the Thaumaturge (level 1, 0/13 HPs)
             Began as a Gnoll Wanderer on May 20, 2019.
             Slain by a bat (1 damage)
             ... on level 1 of the Dungeon.
             The game lasted 00:01:37 (79 turns).

kaladindcss the Thaumaturge (Gnoll Wanderer)          Turns: 79, Time: 00:01:38

Health: 0/13       AC:  2    Str: 11    XL:     1   Next: 80%
Magic:  6/10       EV: 11    Int: 14    God:
Gold:   0          SH:  0    Dex: 17    Spells: 17/18 levels left

rFire    . . .     SeeInvis .   a - +0 dagger
rCold    . . .     Gourm    .   (no shield)
rNeg     . . .     Faith    .   d - +0 robe
rPois    .         Spirit   .   (no helmet)
rElec    .         Reflect  .   (no cloak)
rCorr    .         Harm     .   (no gloves)
MR       .....                  (no boots)
Stlth    ++........             (no amulet)
HPRegen  0.04/turn              (no ring)
MPRegen  0.12/turn              (no ring)

@: no status effects
A: distributed training, fangs 1, strong nose
a: no special abilities


You were on level 1 of the Dungeon.
You were not hungry.

You visited 1 branch of the dungeon, and saw 1 of its levels.

Inventory:

Hand Weapons
 a - a +0 dagger (weapon)
Armour
 d - a +0 robe (worn)
Potions
 b - a potion of curing {unknown}
Comestibles
 f - a ration


   Skills:
 + Level 0.1 Fighting
 + Level 0.1 Short Blades
 + Level 0.1 Long Blades
 + Level 0.1 Axes
 + Level 0.1 Maces & Flails
 + Level 0.1 Polearms
 + Level 0.1 Staves
 + Level 0.1 Slings
 + Level 0.1 Bows
 + Level 0.1 Crossbows
 + Level 2.4 Throwing
 + Level 0.1 Armour
 + Level 0.1 Dodging
 + Level 2.2 Stealth
 + Level 0.1 Shields
 + Level 0.1 Unarmed Combat
 + Level 9.2 Spellcasting
 + Level 0.1 Conjurations
 + Level 0.1 Hexes
 + Level 0.1 Charms
 + Level 0.1 Summonings
 + Level 0.1 Necromancy
 + Level 0.1 Translocations
 + Level 0.1 Transmutations
 + Level 0.1 Fire Magic
 + Level 0.1 Ice Magic
 + Level 3.6 Air Magic
 + Level 2.0 Earth Magic
 + Level 2.0 Poison Magic
 + Level 0.2 Invocations
 + Level 0.1 Evocations


You had 17 spell levels left.
You knew the following spells:

 Your Spells              Type           Power        Failure   Level  Hunger
a - Shock                 Conj/Air       ##..         5%          1    None

Your spell library contained the following spells:

 Spells                   Type           Power        Failure   Level  Hunger
 Swiftness                Chrm/Air       ##......     8%          2    None
 Summon Small Mammal      Summ           #...         11%         1    None
 Blink                    Tloc           N/A          16%         2    None
 Shroud of Golubria       Chrm/Tloc      #.........   16%         2    None
 Static Discharge         Conj/Air       ##......     16%         3    ##.....
 Airstrike                Air            ###.......   26%         4    ####...
 Recall                   Summ/Tloc      N/A          32%         3    ##.....
 Lightning Bolt           Conj/Air       ##........   82%         5    #####..


Dungeon Overview and Level Annotations

Branches:
Dungeon (1/15)

Altars:


Innate Abilities, Weirdness & Mutations

Your experience applies equally to all skills.
You have very sharp teeth.
Your uncanny sense of smell can sniff out nearby items.


Message History

The bat hits you but does no damage. The bat hits you but does no damage.
The bat closely misses you. The bat hits you but does no damage.
The kobold throws a stone.
The stone closely misses you. The bat hits you.
* * * LOW HITPOINT WARNING * * *
Your magical contamination has completely faded away.
You see here a stone.
The bat hits you but does no damage.
The kobold throws a stone.
The stone closely misses you.
You see here a stone.
The bat hits you but does no damage.
A bat comes into view.
The bat closely misses you. The bat hits you.
* * * LOW HITPOINT WARNING * * *
The bat closely misses you. The bat barely misses you.
The bat hits you but does no damage.
The frilled lizard bites you but does no damage.
The bat barely misses you. The bat hits you.
You die...

.. ... .. #..# #.# ##.##
#.# #...#
...###...###... .....#
....#.....#(... # #....#
##.......## #.
#.....###....<....###..
##......#...........#...
.........#####.#####....
.......@..###...###.....
#......bbl.#.....#.....#
#####...rK..#####.....#.
....##...l.###........
..... ##(....#.......##
.....# #(...........##.
..... #g####.####.###?
..### #..........)..g.
##......##..####


You could see a hobgoblin, 2 bats, a kobold, 2 frilled lizards and a rat.

Vanquished Creatures
  A dart slug (D:1)
  A goblin (D:1)
  A hobgoblin (D:1)
3 creatures vanquished.

Notes
Turn   | Place    | Note
-------+----------+-------------------------------------------
     0 | D:1      | Reached skill level 9 in Spellcasting
     0 | D:1      | kaladindcss the Gnoll Wanderer began the quest for the Orb.
     0 | D:1      | kaladindcss set off with the following items: a +0 dagger,
                  | a +0 robe, a ration; and the following spells available to
                  | memorise: Shock, Swiftness, Summon Small Mammal, Static
                  | Discharge, Blink, Shroud of Golubria, Airstrike, Recall,
                  | Lightning Bolt
     0 | D:1      | Reached XP level 1. HP: 13/13 MP: 10/10
     2 | D:1      | Learned a level 1 spell: Shock
    79 | D:1      | Slain by a bat

Skill      XL: |  1 |
---------------+----+-----
Spellcasting   | |  9.2
Earth Magic    | 2 |  2.0
Poison Magic   | 2 |  2.0
Fighting       | |  0.1
Short Blades   | |  0.1
Long Blades    | |  0.1
Axes           | |  0.1
Maces & Flails | |  0.1
Polearms       | |  0.1
Staves         | |  0.1
Slings         | |  0.1
Bows           | |  0.1
Crossbows      | |  0.1
Throwing       | |  2.4
Armour         | |  0.1
Dodging        | |  0.1
Stealth        | |  2.2
Shields        | |  0.1
Unarmed Combat | |  0.1
Conjurations   | |  0.1
Hexes          | |  0.1
Charms         | |  0.1
Summonings     | |  0.1
Necromancy     | |  0.1
Translocations | |  0.1
Transmutations | |  0.1
Fire Magic     | |  0.1
Ice Magic      | |  0.1
Air Magic      | |  3.6
Invocations    | |  0.2
Evocations     | |  0.1

Action                   || total
-------------------------++-------
Melee: Dagger            ||     4
 Cast: Shock             ||     8
Armor: Robe              ||    12
Dodge: Dodged            ||    25
